 Dungeon Crawl Stone Soup version 0.30-a0-385-gfebfb9b408 (webtiles) character file.

Game seed: 6621536718748518894

60 flotson the Sneak (level 3, 0/29 HPs)
             Began as a Demonspawn Delver on Dec 3, 2022.
             Slain by an orc wizard
             ... wielding a +0 dagger
              (3 damage)
             ... on level 3 of the Dungeon.
             The game lasted 00:01:22 (521 turns).

flotson the Sneak (Demonspawn Delver)                Turns: 521, Time: 00:01:23

Health: 0/29       AC:  3    Str: 14    XL:     3   Next: 82%
Magic:  3/3        EV: 12    Int: 11    God:
Gold:   24         SH:  0    Dex: 14    Spells: 2/2 levels left

rFire   . . .      SeeInvis .    a - +0 spear
rCold   . . .      Faith    .    (no shield)
rNeg    . . .      Spirit   .    b - +0 leather armour
rPois   .          Reflect  .    (no helmet)
rElec   .          Harm     .    (no cloak)
rCorr   .          Rampage  .    (no gloves)
Will    .....                    (no boots)
Stlth   +++.......               (no amulet)
HPRegen 0.24/turn                (no ring)
MPRegen 0.08/turn                (no ring)

@: no status effects
A: hooves 1, demonic magic 1
a: no special abilities


You were on level 3 of the Dungeon.
You visited 1 branch of the dungeon, and saw 3 of its levels.

You collected 24 gold pieces.

Inventory:

Hand Weapons
 a - a +0 spear (weapon)
Missiles
 i - 2 poisoned darts (quivered)
Armour
 b - a +0 leather armour (worn)
Wands
 g - a wand of digging (3)
Scrolls
 c - a scroll of fog
 d - 2 scrolls of magic mapping
 e - a scroll of fear
 h - a scroll of immolation {unknown}
 j - a scroll of vulnerability {unknown}
 k - a scroll of identify {unknown}
Potions
 f - a potion of invisibility {unknown}


   Skills:
 + Level 3.3 Fighting
 - Level 1.7 Polearms
 + Level 1.0 Throwing
 + Level 1.0 Armour
 + Level 2.2 Dodging
 + Level 4.7 Stealth
 + Level 1.1 Evocations


You had 2 spell levels left.
You didn't know any spells.
Your spell library was empty.

Dungeon Overview and Level Annotations

Branches:
Dungeon (5/15)
 Temple: D:4-7

Altars:
Makhleb


Innate Abilities, Weirdness & Mutations

You have large cloven feet.
Spells you cast may paralyse adjacent enemies.


Message History

The puff of flame misses you.
You bump into the rock wall.
The orc wizard gestures at you while chanting.
The magic dart hits you.
You bump into the rock wall.
The orc wizard casts a spell at you.
You are more confused.
You hit the orc wizard but do no damage.
Your kick misses the orc wizard. The orc wizard barely misses you.
You bump into the rock wall.
The orc wizard closely misses you.
You miss the orc wizard. Your kick misses the orc wizard.
The orc wizard closely misses you.
You hit the orc wizard.
The orc wizard is lightly wounded.
The orc wizard gestures wildly while chanting.
The orc wizard flickers and vanishes!
Deactivating autopickup; reactivate with Ctrl-A.
Something hits you.
You bump into the rock wall.
Something hits you but does no damage.
You bump into the rock wall.
Something hits you but does no damage.
You barely miss something. Your kick misses something.
You feel less confused. Something hits you.
You hit something but do no damage. Something hits you.
You hit something. Something hits you.
You closely miss something. Something hits you but does no damage.
You closely miss something. Your kick misses something. Something hits you.
You miss something. You kick something. Something hits you.
You closely miss something. Something hits you.
* * * LOW HITPOINT WARNING * * *
You closely miss something. Something hits you but does no damage.
You hit something. Something hits you.
* * * LOW HITPOINT WARNING * * *
Something hits you.
* * * LOW HITPOINT WARNING * * *
You hit something but do no damage.
You hear some strange, mumbled words.
Something tries to affect you, but you resist.
You closely miss something. Your kick misses something. Something hits you.
You die...

##... #.. #...
#....#####. #..
....##8.8## ##..
....#.....#.....
._..#.._..#....#
....#.....#.##.#
.8##....##.##)#
####....##..##)###
##.....##.)...){@#
.##...##.⌠..#.##.#
..##'##.....#.##.#
............#.##.#####
.#.########..........##
.#.# ###.$#......# .#.#
#).#####.†.# .#.# #..#
....... .#.# #..#
####...


There were no monsters in sight!

Vanquished Creatures
  A hound (D:5)
  An adder (D:3)
  5 orcs (D:3)
  2 giant cockroaches (D:4)
  3 goblins
  A hobgoblin (D:3)
  A kobold (D:4)
  A bat (D:3)
15 creatures vanquished.

Notes
Turn   | Place    | Note
-------+----------+-------------------------------------------
     0 | D:5      | flotson the Demonspawn Delver began the quest for the Orb.
     0 | D:5      | Reached XP level 1. HP: 18/18 MP: 1/1
    23 | D:5      | Noticed a scorpion
    24 | D:5      | Noticed a hound
    50 | D:5      | Killed a hound
    51 | D:5      | Gained mutation: You have large cloven feet. [demonic
                  | ancestry]
    51 | D:5      | Reached XP level 2. HP: 3/24 MP: 2/2
    51 | D:5      | Gained mutation: Spells you cast may paralyse adjacent
                  | enemies. [demonic ancestry]
    51 | D:5      | Reached XP level 3. HP: 3/29 MP: 3/3
   370 | D:3      | Reached skill level 1 in Evocations
   433 | D:3      | Found a faded altar of an unknown god.
   437 | D:3      | Found a burning altar of Makhleb.
   470 | D:3      | Reached skill level 1 in Armour
   476 | D:3      | Reached skill level 1 in Throwing
   521 | D:3      | Slain by an orc wizard

Illustrated notes

Levels and vault maps discovered:
D:3:      layout_basic, nicolae_overflow_ecumenical_swirl, serial_bayou_crossing
D:4:      layout_loops_ring
D:5:      layout_loops_ring, minmay_temple_entry_drinking_statues,
          biasface_ghost_orc_armoury, portal_sewer_entry_f, uniq_pikel

Skill      XL: |  1  2  3 |
---------------+----------+-----
Dodging        | 2 |  2.2
Evocations     | 1 |  1.1
Armour         | 1 |  1.0
Throwing       | 1 |  1.0
Fighting       | |  3.3
Polearms       | |  1.7
Stealth        | |  4.7

Action                   || total
-------------------------++-------
Melee: Spear             ||    88
       Kick              ||    17
       Punch             ||     1
Throw: Dart              ||     3
  Use: Potion            ||     1
 Stab: Sleeping          ||     3
Armor: Leather armour    ||    27
Dodge: Dodged            ||    40

Table legend: (Time is in decaauts)
 A = Elapsed time spent in this place.
 B = Non-inter-level travel time spent in this place.
 C = Inter-level travel time spent in this place.
 D = Time resting spent in this place.
 E = Time spent auto-exploring this place.
 F = Levels seen in this place.
 G = Mean time per level.
                   A        B        C        D        E       F      G
               +--------+--------+--------+--------+--------+-----+--------+
         Total |    503 |    502 |      1 |      0 |    339 |   3 |  167.7 |
       Dungeon |    503 |    502 |      1 |      0 |    339 |   3 |  167.7 |
               +--------+--------+--------+--------+--------+-----+--------+

Top non-repeatable levels by time:
     D:4: 281 daAuts
     D:3: 167 daAuts
     D:5: 53 daAuts
